 Dungeon Sprint DCSS version 0.31.0-32-g396128a36d (webtiles) character file.

Game seed: 14835281479707764300

2621 Heoruswealwe the Impaler (level 9, -1/93 HPs)
             Began as a Minotaur Fighter on Mar 9, 2024.
             Was an Initiate of Gozag.
             Slain by a manticore (13 damage)
             ... in the Dungeon (Sprint IX: "|||||||||||||||||||||||||||||").
             The game lasted 00:04:33 (521 turns).

Heoruswealwe the Impaler (Minotaur Fighter)          Turns: 521, Time: 00:04:34

Health: -1/93      AC: 10    Str: 29    XL:     9   Next: 34%
Magic:  8/8        EV:  9    Int:  5    God:    Gozag
Gold:   675        SH:  0    Dex:  9    Spells: 8/8 levels left

rFire   . . .        b - +2 halberd (venom)
rCold   . . .        (shield currently unavailable)
rNeg    . . .        c - +0 chain mail
rPois   .            (helmet restricted)
rElec   .            (no cloak)
rCorr   .            f - +0 pair of gloves
SInv    .            (no boots)
Will    .....        (no amulet) Stlth
                     k - +3 ring of strength
HPRegen 0.35/turn    (no ring)
MPRegen 0.11/turn

%: no teleportation
@: spiked, corroded, gold aura
A: horns 2, retaliatory headbutt
a: Renounce Religion, Potion Petition, Call Merchant, Bribe Branch


You were in the Dungeon.
You worshipped Gozag.
Gozag was pleased with you.
You visited 1 branch You collected 675 gold pieces.

Inventory:

Hand Weapons
 a - a +0 trident
 b - a +2 halberd of venom (weapon)
Armour
 c - a +0 chain mail (worn)
 d - a +0 buckler
 f - a +0 pair of gloves (worn)
Jewellery
 k - a +3 ring of strength (left hand)
Wands
 h - a wand of iceblast (10)
Scrolls
 j - 2 scrolls of blinking
Potions
 e - 4 potions of curing
 g - a potion of haste
 i - a potion of berserk rage
 m - a potion of might


   Skills:
 + Level 13.4 Fighting
 * Level 18.0 Polearms
 + Level 13.4 Armour
 - Level 3.6 Shields


You had 8 spell levels left.
You didn't know any spells.
Your spell library was empty.

Dungeon Overview and Level Annotations

Branches:
Dungeon (1/1)

Altars:
Cheibriados
Dithmenos
Elyvilon
Fedhas
Gozag
Hepliaklqana
Kikubaaqudgha
Makhleb
Nemelex Xobeh
Okawaru
Qazlal
Ru
Sif Muna
Trog
Uskayaw
Vehumet
Wu Jian
Xom
Yredelemnul
Zin
The Shining One
Jiyva
Lugonu


Innate Abilities, Weirdness & Mutations

You have a pair of horns on your head.
You reflexively headbutt those who attack you in melee.


Message History

The manticore flicks its tail.
The volley of spikes misses you.
Your Polearms skill increases to level 18!
The manticore flicks its tail.
The volley of spikes skewers you!
The barbed spikes become lodged in your body.
* * * LOW HITPOINT WARNING * * *
You see here 4 large rocks.
There's nothing to close nearby.
Okay, then.
You feel much better.
The manticore flicks its tail.
The volley of spikes skewers you!
The barbed spikes become lodged in your body.
* * * LOW HITPOINT WARNING * * *
The manticore flicks its tail.
The volley of spikes skewers you.
The barbed spikes become lodged in your body.
* * * LOW HITPOINT WARNING * * *
Reach: b) +2 halberd (venom)
Press: ? - help, Dir - move target, f - manticore
Aim: a manticore (about 23% to evade your +2 halberd of venom)
You reach to attack!
You hit the manticore.
The manticore is lightly wounded.
You hit the manticore but do no damage. You hit the manticore but do no damage.
The manticore is poisoned.
You headbutt the manticore!
The manticore is moderately wounded.
The manticore bites you!
* * * LOW HITPOINT WARNING * * *
The manticore closely misses you. The manticore barely misses you.
You feel better.
The manticore bites you but does no damage.
The manticore barely misses you. The manticore claws you.
* * * LOW HITPOINT WARNING * * *
You hit the manticore. Your headbutt misses the manticore.
The manticore is heavily wounded.
The manticore bites you!
You die...
Your body crumbles into a pile of gold. ▓▓▓▓▓▓▓▓▓▓▓▓▓▓▓▓▓▓▓▓▓▓▓▓▓ '!?)[[=...[.....@H$.....+ ▓▓▓▓▓▓▓▓▓▓▓▓▓▓▓▓▓▓▓▓▓▓▓▓▓

You could see a manticore (very poisoned).

Vanquished Creatures
  A two-headed ogre (D)
  A boulder beetle (D)
  A cyclops (D)
  An unseen horror (D)
  A troll (shapeshifter) (D)
  2 yaks (D)
  An orc warrior (D)
  A centaur (D)
  A killer bee (D)
  A jelly (shapeshifter) (D)
  A hound (D)
  An iguana (D)
  An adder (D)
  A white imp (D)
  A dart slug (D)
  An orc (D)
  An endoplasm (D)
  2 goblins (D)
  A kobold (D)
21 creatures vanquished.

Notes
Turn   | Place    | Note
-------+----------+-------------------------------------------
     0 | D        | Heoruswealwe the Minotaur Fighter began the quest for the
                  | Orb.
     0 | D        | Reached XP level 1. HP: 19/19 MP: 0/0
     7 | D        | Reached skill level 3 in Polearms
    12 | D        | Reached skill level 4 in Polearms
    14 | D        | Reached XP level 2. HP: 23/28 MP: 1/1
    42 | D        | Reached skill level 5 in Fighting
    42 | D        | Reached skill level 5 in Polearms
    42 | D        | Reached skill level 5 in Armour
    42 | D        | Reached XP level 3. HP: 32/36 MP: 2/2
    45 | D        | Reached skill level 6 in Polearms
    58 | D        | Reached skill level 7 in Polearms
    58 | D        | Reached XP level 4. HP: 27/44 MP: 3/3
    65 | D        | Found a snail-covered altar of Cheibriados.
    65 | D        | Found a shadowy altar of Dithmenos.
    65 | D        | Found a white marble altar of Elyvilon.
    65 | D        | Found a blossoming altar of Fedhas.
    65 | D        | Found an opulent altar of Gozag.
    66 | D        | Found a hazy altar of Hepliaklqana.
    67 | D        | Found a viscous altar of Jiyva.
    68 | D        | Found an ancient bone altar of Kikubaaqudgha.
    69 | D        | Found a corrupted altar of Lugonu.
    70 | D        | Found a burning altar of Makhleb.
    71 | D        | Found a sparkling altar of Nemelex Xobeh.
    72 | D        | Found an iron altar of Okawaru.
    73 | D        | Became a worshipper of Gozag Ym Sagoz the Greedy
    74 | D        | Found a stormy altar of Qazlal.
    75 | D        | Found a sacrificial altar of Ru.
    76 | D        | Found a shimmering blue altar of Sif Muna.
    77 | D        | Found a bloodstained altar of Trog.
    78 | D        | Found a hide-covered altar of Uskayaw.
    79 | D        | Found a radiant altar of Vehumet.
    80 | D        | Found an ornate altar of the Wu Jian Council.
    81 | D        | Found a shimmering altar of Xom.
    82 | D        | Found a basalt altar of Yredelemnul.
    83 | D        | Found a glowing silver altar of Zin.
    84 | D        | Found a glowing golden altar of the Shining One.
   141 | D        | Noticed an orc warrior
   141 | D        | Noticed a yak
   141 | D        | Noticed a yak
   141 | D        | Noticed a centaur
   141 | D        | Noticed a two-headed ogre
   145 | D        | Killed an orc warrior
   146 | D        | Reached skill level 9 in Polearms
   146 | D        | Reached XP level 5. HP: 15/52 MP: 4/4
   147 | D        | Killed a yak
   148 | D        | Reached skill level 11 in Polearms
   148 | D        | Reached XP level 6. HP: 19/62 MP: 5/5
   154 | D        | Killed a yak
   155 | D        | Reached skill level 12 in Polearms
   336 | D        | Killed a two-headed ogre
   337 | D        | Reached skill level 14 in Polearms
   337 | D        | Reached XP level 7. HP: 42/74 MP: 6/6
   337 | D        | Reached XP level 8. HP: 47/82 MP: 7/7
   338 | D        | Reached skill level 15 in Polearms
   443 | D        | Noticed a blink frog
   443 | D        | Noticed a boulder beetle
   443 | D        | Noticed a cyclops
   443 | D        | Noticed a manticore
   450 | D        | Killed an unseen horror
   453 | D        | Killed a boulder beetle
   454 | D        | Reached skill level 16 in Polearms
   454 | D        | Reached XP level 9. HP: 25/92 MP: 8/8
   485 | D        | Noticed a wind drake
   490 | D        | Killed a cyclops
   491 | D        | Reached skill level 17 in Polearms
   504 | D        | Noticed a yaktaur
   504 | D        | a yaktaur changed into a basilisk
   509 | D        | a basilisk changed into a troll
   509 | D        | Noticed a troll (shapeshifter)
   512 | D        | Killed a troll
   513 | D        | Reached skill level 18 in Polearms
   521 | D        | Slain by a manticore

Illustrated notes

Levels and vault maps discovered:
D:        linesprint [early_d, line_temple, items_1, d_10, items_2, lair_1,
          lair_end, items_3, orc_1, orc_end, items_4, d_15, swamp_1, shoals_1,
          snake_1, spider_1, d_20, vaults_1, items_5, swamp_end, shoals_end,
          snake_end, spider_end, vaults_end, d_27, items_6, zot_1, zot_end,
          crypt_end, forest_end, elf_end, slime_end, tomb_end, abyss_end,
          pan_hell_end]

Skill      XL: |  1  2  3  4  5  6  7  8  9 |
---------------+----------------------------+-----
Fighting       | 4 5 6 7 8 11 12 13 | 13.4
Polearms       | 4 5 7 9 11 14 16 18 | 18.0
Armour         | 4 5 6 7 8 11 12 13 | 13.4
Shields        | |  3.6

Action                     |  1- 3 |  4- 6 |  7- 9 || total
---------------------------+-------+-------+-------++-------
  Melee: Trident           |    31 |     1 |       ||    32
         Headbutt          |     3 |     8 |     7 ||    18
         Halberd           |       |    22 |    28 ||    50
    Use: Potion            |       |     1 |     3 ||     4
 Armour: Scale mail        |    19 |    12 |       ||    31
         Chain mail        |       |       |    24 ||    24
  Dodge: Dodged            |     9 |    12 |     5 ||    26
  Block: Buckler           |     3 |       |       ||     3
